 Dungeon Crawl Stone Soup version 0.30-a0-709-gcdc1b43e22 (webtiles) character file.

Game seed: 5130684065718814134

249 M4edhros the Insei (level 6, 0/41 HPs)
             Began as an Octopode Artificer on Jan 22, 2023.
             Killed themself with a badly aimed burst of rock shards (14 damage)
             ... on level 5 of the Dungeon.
             The game lasted 00:04:55 (1679 turns).

M4edhros the Insei (Octopode Artificer)             Turns: 1679, Time: 00:04:55

Health: 0/41       AC:  1    Str: 12    XL:     6   Next: 12%
Magic:  6/6        EV: 13    Int: 13    God:
Gold:   77         SH:  0    Dex: 14    Spells: 5/5 levels left

rFire   . . .      SeeInvis .      - Unarmed
rCold   . . .      Faith    .    (no shield)
rNeg    . . .      Spirit   .    (helmet restricted)
rPois   .          Reflect  .    (no amulet)
rElec   .          Harm     .    (no ring)
rCorr   .          Rampage  .    (no ring)
Will    .....                    (no ring)
Stlth   +++                      (no ring)
HPRegen 0.26/turn                (no ring)
MPRegen 0.10/turn                (no ring)
                                 (no ring)
                                 (no ring)

@: no status effects
A: almost no armour, amphibious, 8 rings, camouflage 1, gelatinous body 1,
(nimble swimmer 1), tentacles
a: no special abilities


You were on level 5 of the Dungeon.
You visited 1 branch of the dungeon, and saw 5 of its levels.

You collected 77 gold pieces.

Inventory:

Hand Weapons
 p - a +1 whip of distortion
Missiles
 e - 4 atropa-tipped darts
 g - a throwing net
 i - 2 poisoned darts
Wands
 b - a wand of flame (12) (quivered)
 c - a wand of charming (5)
 d - a wand of iceblast (5)
Scrolls
 a - 3 scrolls of teleportation {unknown}
 f - 3 scrolls of identify {unknown}
 h - a scroll of enchant weapon {unknown}
 k - a scroll of vulnerability {unknown}
 m - a scroll of fog {unknown}
 n - a scroll of magic mapping {unknown}
Potions
 j - 2 potions of ambrosia {unknown}
 l - a potion of lignification {unknown}
Miscellaneous
 o - a tin of tremorstones (2/2)


   Skills:
 + Level 2.9 Fighting
 - Level 2.3 Dodging
 - Level 1.3 Stealth
 - Level 5.0 Unarmed Combat
 - Level 3.2 Evocations


You had 5 spell levels left.
You didn't know any spells.
Your spell library contained the following spells:

 Spells                   Type           Power      Damage    Failure   Level
 Gell's Gravitas          Tloc           0%         N/A       67%         3
 Teleport Other           Tloc           0%         N/A       67%         3
 Dispersal                Tloc           0%         N/A       100%        6


Dungeon Overview and Level Annotations

Branches:
Dungeon (5/15)
 Temple: D:4-7

Altars:
Kikubaaqudgha
The Shining One

Portals:
Abyss: D:5

Annotations:
D:5 fly's ghost, novice DgDe


Innate Abilities, Weirdness & Mutations

You cannot wear most types of armour.
You are amphibious.
You can wear up to eight rings at the same time.
Your skin changes colour to match your surroundings (Stealth+).
Your rubbery body absorbs attacks. (AC +1, EV +1)
((You are camouflaged when in or above water. (Stealth+)))
You have tentacles for arms and can constrict up to eight enemies at once.


Message History

The kobold brigand misses you.
You completely miss the kobold brigand. You grab the kobold brigand.
You constrict the kobold brigand.
The kobold brigand hits you with a +1 whip of distortion.
Space warps around you.
You tentacle-slap the kobold brigand. You squeeze the kobold brigand.
The kobold brigand is moderately wounded.
You constrict the kobold brigand. The kobold brigand misses you.
You tentacle-slap the kobold brigand.
The kobold brigand is moderately wounded.
You constrict the kobold brigand. The kobold brigand misses you.
You tentacle-slap the kobold brigand.
The kobold brigand is heavily wounded.
You constrict the kobold brigand.
The kobold brigand hits you with a +1 whip of distortion.
Space warps around you.
You tentacle-slap the kobold brigand.
You squeeze the kobold brigand, but do no damage.
The kobold brigand is severely wounded.
You constrict the kobold brigand. The kobold brigand misses you.
You tentacle-slap the kobold brigand. You squeeze the kobold brigand.
The kobold brigand is almost dead.
You constrict the kobold brigand.
You kill the kobold brigand!
Your Fighting skill increases to level 2!
You have reached level 6!
You now have 77 gold pieces (gained 10).
You see here a +1 whip of distortion.
p - a +1 whip of distortion
There is a one-way gate to the infinite horrors of the Abyss here.
There is a one-way gate to the infinite horrors of the Abyss here.
Fly's ghost is no longer charmed.
You closely miss fly's ghost.
Fly's ghost turns its malevolent gaze towards you.
The tremorstone explodes into fragments!
The burst of rock shards engulfs fly's ghost.
The burst of rock shards engulfs you!!
The burst of rock shards engulfs fly's ghost!
The burst of rock shards engulfs you!
You die...

...................#.
...................s
....[##......©......
....####....###.....
.####.^##..##.# ....
##∩..#..#©.##.# .#.
#.##...##..##.# #
##.#.###...##W[# ##
##@##....##.#.# ###..
##W##.####..# .#
......#####.###.#.###...#
#....#©.###......#(....#
#....##..####..#.##....#
..... ##..#.......##...#
.... #.#..####.#.##..#
... #...##..#..#.# .# ##
#..###...###©## #


You could see fly's ghost.

Vanquished Creatures
  A kobold brigand (D:5)
  A hound (D:4)
  Jessica (D:3)
  2 adders (D:3)
  4 gnolls
  A white imp (D:5)
  An ufetubus (D:5)
  3 orcs
  3 ball pythons
  4 endoplasms
  4 giant cockroaches
  5 goblins
  2 hobgoblins
  2 jackals
  2 kobolds
  A quokka (D:1)
  3 bats
  3 frilled lizards
  A rat (D:1)
44 creatures vanquished.

Vanquished Creatures (collateral kills)
  2 gnolls (D:3)
  A rat (D:3)
3 creatures vanquished.

Vanquished Creatures (others)
  A gnoll (D:4)
  An adder (D:3)
2 creatures vanquished.

Grand Total: 49 creatures vanquished

Notes
Turn   | Place    | Note
-------+----------+-------------------------------------------
     0 | D:1      | M4edhros the Octopode Artificer began the quest for the
                  | Orb.
     0 | D:1      | Reached XP level 1. HP: 13/13 MP: 1/1
   102 | D:1      | Reached skill level 1 in Unarmed Combat
   307 | D:2      | Reached XP level 2. HP: 17/18 MP: 2/2
   363 | D:3      | Reached skill level 2 in Unarmed Combat
   372 | D:3      | Reached XP level 3. HP: 16/23 MP: 3/3
   381 | D:3      | Reached skill level 3 in Unarmed Combat
   566 | D:3      | Reached XP level 4. HP: 10/28 MP: 4/4
   715 | D:3      | Found an ancient bone altar of Kikubaaqudgha.
   753 | D:3      | Noticed Jessica
   760 | D:3      | Killed Jessica
   761 | D:3      | Reached skill level 4 in Unarmed Combat
   940 | D:4      | Reached XP level 5. HP: 29/33 MP: 5/5
  1000 | D:4      | Found a glowing golden altar of the Shining One.
  1155 | D:4      | Reached skill level 5 in Unarmed Combat
  1468 | D:5      | Entered Level 5 of the Dungeon
  1481 | D:5      | Found a transporter.
  1481 | D:5      | Found a one-way gate to the infinite horrors of the Abyss.
  1481 | D:5      | Noticed fly's ghost (novice DgDe)
  1488 | D:5      | Noticed a kobold brigand
  1504 | D:5      | Found a transporter.
  1526 | D:5      | HP: 1/33 [white imp/puff of frost (12)]
  1666 | D:5      | Killed a kobold brigand
  1667 | D:5      | Reached XP level 6. HP: 29/41 MP: 6/6
  1679 | D:5      | Killed themself with a badly aimed burst of rock shards

Illustrated notes

Levels and vault maps discovered:
D:1:      ncdulo_lavacross, layout_loops_cross
D:2:      layout_rooms, serial_glass, glass_columns_a, glass_columns_a
D:3:      layout_rooms, nicolae_overflow_hidden_temple, uniq_jessica
D:4:      kennysheep_kobold_camp, layout_loops_corners, lemuel_crystal_altar
D:5:      layout_basic, gammafunk_ghost_abyssal_escape,
          minmay_misc_feat_diagonals, chequers_serial_rivers_micro_d

Skill      XL: |  1  2  3  4  5 |
---------------+----------------+-----
Unarmed Combat | 1 2 3 4 5 |  5.0
Fighting       | 2 |  2.9
Dodging        | |  2.3
Stealth        | |  1.3
Evocations     | |  3.2

Action                     |  1- 3 |  4- 6 || total
---------------------------+-------+-------++-------
  Melee: Unarmed           |    49 |    58 ||   107
         Constrict         |    11 |    13 ||    24
         Tentacles         |     8 |    12 ||    20
         Punch             |     2 |     1 ||     3
  Evoke: Wand              |     4 |     9 ||    13
   Stab: Sleeping          |     4 |     5 ||     9
 Armour: Skin              |     6 |     3 ||     9
  Dodge: Dodged            |    32 |    26 ||    58

Table legend: (Time is in decaauts)
 A = Elapsed time spent in this place.
 B = Non-inter-level travel time spent in this place.
 C = Inter-level travel time spent in this place.
 D = Time resting spent in this place.
 E = Time spent auto-exploring this place.
 F = Levels seen in this place.
 G = Mean time per level.
                   A        B        C        D        E       F      G
               +--------+--------+--------+--------+--------+-----+--------+
         Total |   1672 |   1605 |     67 |    165 |   1013 |   5 |  334.4 |
       Dungeon |   1672 |   1605 |     67 |    165 |   1013 |   5 |  334.4 |
               +--------+--------+--------+--------+--------+-----+--------+

Top non-repeatable levels by time:
     D:4: 665 daAuts
     D:3: 426 daAuts
     D:1: 301 daAuts
     D:5: 209 daAuts
     D:2: 68 daAuts
